 Dungeon Crawl Stone Soup version 0.22-a0-422-g9628fc8 (webtiles) character file.

23410 Kairos the Basher (level 13, -11/68 HPs)
             Began as a Vine Stalker Fighter on May 17, 2018.
             Killed from afar by a ynoxinul (19 damage)
             ... with an iron shot
             ... summoned by Xom
             ... on level 4 of the Lair of Beasts on May 18, 2018.
             The game lasted 00:30:23 (10190 turns).

Kairos the Basher (Vine Stalker Fighter)           Turns: 10190, Time: 00:30:24

Health: -11/68     AC: 14    Str: 25 (26) XL:     13   Next: 6%
Magic:  0/15       EV: 16    Int:  3 (6)  God:    Xom [......]
Gold:   656        SH: 14    Dex: 14 (15) Spells: 12/12 levels left

rFire    + + .     SeeInvis +   F - +2 hand axe (elec)
rCold    . . .     Gourm    .   c - +0 shield
rNeg     + . .     Faith    .   N - +5 steam dragon scales of Greed {rElec rF++ Int-2}
rPois    +         Spirit   +   e - +1 hat {MR+}
rElec    +         Reflect  +   x - +0 cloak
rCorr    .         Harm     .   l - +0 pair of gloves
MR       ++...     Clarity  +   (no boots)
Stlth    +++.......             W - amulet "Yhetaiff" {Reflect rN+ SH+3}
HPRegen  1.01/turn              I - ring of poison resistance
MPRegen  0.14/turn              T - +3 ring of strength

@: lethally poisoned (-11 -> -11)
A: fangs 3, repulsion field 1, see invisible, clarity, deterioration 2, high mp
1, regeneration 2, screaming 1, magic shield, antimagic bite, no potion heal 3,
rot immunity
a: Renounce Religion


You were on level 4 of the Lair of Beasts.
You worshipped Xom.
You were a very special plaything of Xom.
You were not hungry.

You visited 2 branches of the dungeon, and saw 13 of its levels.
You also visited: Labyrinth and Ossuary.

You collected 656 gold pieces.

Inventory:

Hand Weapons
 a - the +7 bardiche of Valour {freeze, rElec MR+ Str-5}
   (You found it on level 7 of the Dungeon)

   It has been specially enchanted to freeze those struck by it, causing extra
   injury to most foes and up to half again as much damage against particularly
   susceptible opponents.
   It can also slow down cold-blooded creatures.
   It affects your strength (-5).
   It insulates you from electricity.
   It affects your resistance to hostile enchantments.
 F - a +2 hand axe of electrocution (weapon)
 J - a +0 broad axe
 R - the +7 great mace "Oserudep" {crush, +Inv rPois rF- Stlth+}
   (You found it on level 7 of the Dungeon)

   It inflicts extra damage upon your enemies.
   It makes you vulnerable to fire.
   It protects you from poison.
   It lets you turn invisible.
   It makes you more stealthy.
Missiles
 o - 13 javelins of penetration (quivered)
Armour
 c - a +0 shield (worn)
 e - a +1 hat of magic resistance (worn)
 l - a +0 pair of gloves (worn)
 x - a +0 cloak (worn)
 H - a +1 ring mail of cold resistance
 N - the +5 steam dragon scales of Greed (worn) {rElec rF++ Int-2}
   (You found it on level 6 of the Dungeon)

   It affects your intelligence (-2).
   It greatly protects you from fire.
   It insulates you from electricity.
Jewellery
 C - a +3 ring of dexterity
 D - an uncursed ring of protection from magic
 I - a ring of poison resistance (left hand)
 Q - an uncursed ring of protection from fire
 S - an uncursed ring of ice
 T - a +3 ring of strength (right hand)
 W - the amulet "Yhetaiff" (around neck) {Reflect rN+ SH+3}
   (You found it on level 8 of the Dungeon)

   [amulet of reflection]

   It shields you and reflects attacks.
   It protects you from negative energy.
   It affects your SH (+3).
Wands
 z - a wand of enslavement (27)
 B - a wand of paralysis (16)
 O - a wand of flame (48)
 P - a wand of polymorph (24)
 X - a wand of digging (26)
Scrolls
 g - 2 scrolls of enchant armour
 p - 2 scrolls of fog
 s - 2 scrolls of remove curse
 t - 3 scrolls of immolation
 u - 3 scrolls of magic mapping
 y - 4 scrolls of teleportation
 A - 5 scrolls of enchant weapon
 G - a scroll of brand weapon
 L - 2 scrolls of silence
 M - a scroll of holy word {unknown}
 U - a scroll of fear {unknown}
 Y - a scroll of amnesia {unknown}
Potions
 b - a potion of lignification
 d - 2 potions of might
 h - 3 potions of resistance
 i - 7 potions of curing
 j - a potion of invisibility
 m - a potion of mutation {unknown}
 q - a potion of brilliance {unknown}
 r - 3 potions of flight {unknown}
 w - a potion of haste
 E - 4 potions of agility {unknown}
 K - a potion of berserk rage {unknown}
 V - a potion of ambrosia {unknown}
 Z - a potion of magic {unknown}
Miscellaneous
 n - a fan of gales
 v - a sack of spiders
Comestibles
 f - 17 rations


   Skills:
 + Level 8.0 Fighting
 + Level 9.2(11.5) Axes
 + Level 11.4(12.6) Maces & Flails
 + Level 4.9 Armour
 + Level 6.4 Dodging
 + Level 5.6 Stealth
 + Level 6.9 Shields
 + Level 0.1 Evocations


You had 12 spell levels left.
You didn't know any spells.
Your spell library contained the following spells:

 Spells                   Type           Power        Failure   Level  Hunger
 Bolt of Draining         Conj/Necr      #.........   100%        5    ######.
 Pain                     Necr           #...         86%         1    ##.....
 Sublimation of Blood     Necr           #.........   95%         2    ###....
 Spider Form              Tmut/Pois      #.........   99%         3    ####...
 Deflect Missiles         Chrm/Air       #.........   100%        6    #######
 Silence                  Hex/Air        #.........   100%        5    ######.
 Conjure Ball Lightning   Conj/Air       #.........   100%        6    #######
 Petrify                  Tmut/Erth      #.......     100%        4    #####..
 Tornado                  Air            #.........   100%        9    #######
 Summon Lightning Spire   Summ/Air       #.......     100%        4    #####..


Dungeon Overview and Level Annotations

Branches:
Dungeon (9/15)             Temple (0/1) D:4            Lair (4/6) D:8
 Shoals (0/4) Lair:2        Snake (0/4) Lair:2
    Orc: D:9-12

Altars:
Ashenzari
Dithmenos
Hepliaklqana
Ru
Sif Muna
Trog
Uskayaw
Vehumet
Xom
Yredelemnul


Innate Abilities, Weirdness & Mutations

You have razor-sharp teeth.
You heal very quickly.
When hurt, damage is shared between your health and your magic reserves.
Your bite disrupts and absorbs the magic of your enemies.
Potions cannot restore your health.
You are immune to rotting.
You are surrounded by a mild repulsion field. (EV +2)
You have supernaturally acute eyesight. (SInv)
You possess an exceptional clarity of mind.
Your body often deteriorates upon taking damage.
You have an increased reservoir of magic. (+10% MP)
You occasionally shout uncontrollably at your foes.


Message History

* * * LOW HITPOINT WARNING * * *
The soul eater is healed.
The neqoxec misses you.
The crimson imp blinks!
Unknown command.
You hit the ynoxinul. You bite the ynoxinul!
The ynoxinul's magic leaks into the air.
You drain its magic.
The ynoxinul is heavily wounded.
You slash the neqoxec! You hit the white imp. You closely miss the white imp.
You are struck by the porcupine's spines.
* * * LOW HITPOINT WARNING * * *
Your body deteriorates!
You feel weakened.
You slash the porcupine!
You hit the soul eater but do no damage.
The porcupine twitches its whiskers.
The porcupine bites you but does no damage.
You block the white imp's attack. You block the soul eater's attack.
The ynoxinul gestures at you. The iron shot hits you!
You die...
Xom bursts into laughter!

.P#..............
..................
..................
............_.......
._......._......#..?.
.......)$..._P.#.....
..5...†333_..........
..._...r@5...........
......§5†............
...PP................
....P.......†..#.....
.......#....<.....#
......_....#.#..###
......_......####
.............#
.......<.###


You could see a soul eater, a neqoxec, a ynoxinul, a porcupine, a crimson imp
and 2 white imps.

Vanquished Creatures
  Gastronok (Lair:3)
  A minotaur (Lab)
  Harold (Lair:1)
  3 hydras
  Erica (D:8)
  Pikel (D:8)
  Joseph (D:8)
  Maurice (D:8)
  4 black mambas
  5 spiny frogs
  4 gargoyles (Lab)
  3 komodo dragons
  A merfolk (Lair:2)
  Grinder (D:6)
  3 hippogriffs
  9 blink frogs
  11 yaks
  A wyvern (D:9)
  A basilisk (Lair:2)
  3 hungry ghosts
  Menkaure (D:4)
  3 nagas (Lair:2)
  8 water moccasins
  7 porcupines
  An ice beast (D:9)
  2 sky beasts
  4 orc warriors
  A slave (D:8)
  A phantom (D:9)
  A necrophage (D:7)
  6 wolves (Lair:3)
  4 ogres
  11 crocodiles
  6 bullfrogs
  3 gnoll sergeants
  2 scorpions
  A water moccasin zombie (D:8)
  7 killer bees
  5 crimson imps
  2 bullfrog zombies (D:5)
  A quasit (D:7)
  10 orc wizards
  8 hounds
  8 orc priests
  A jelly (D:6)
  A bullfrog skeleton (D:8)
  4 iguanas
  Natasha (thrice) (D:3)
  5 worker ants
  A worker ant zombie (D:8)
  Robin (D:3)
  12 mummies (Ossuary)
  A howler monkey skeleton (D:9)
  16 gnolls
  6 adders
  2 shadow imps
  2 adder skeletons (D:9)
  A worm (D:3)
  4 dart slugs
  4 leopard geckos
  30 orcs
  6 giant cockroaches
  22 goblins
  9 hobgoblins
  4 jackals
  5 quokkas
  3 ball pythons
  7 bats
  2 frilled lizards
  2 gnoll skeletons (Ossuary)
  A goblin skeleton (Ossuary)
  2 jackal zombies
  7 kobolds
  2 kobold skeletons (Ossuary)
  A kobold zombie (D:6)
  2 orc skeletons (Ossuary)
  2 quokka skeletons
  8 rats
  11 rat skeletons (Ossuary)
  2 rat zombies (D:6)
351 creatures vanquished.

Vanquished Creatures (collateral kills)
  A blink frog (Lair:1)
  A yak (Lair:1)
  Crazy Yiuf (D:3)
3 creatures vanquished.

Vanquished Creatures (others)
  An adder skeleton (D:8)
  An orc (D:8)
  A kobold skeleton (Ossuary)
  A fire vortex (D:5)
  3 fungi
  2 plants (Lair:2)
9 creatures vanquished.

Grand Total: 363 creatures vanquished

Notes
Turn   | Place    | Note
-------+----------+-------------------------------------------
     0 | D:1      | Kairos the Vine Stalker Fighter began the quest for the Orb.
     0 | D:1      | Reached XP level 1. HP: 11/11 MP: 2/2
   239 | D:1      | Reached XP level 2. HP: 16/16 MP: 3/3
   887 | D:2      | Found a shimmering altar of Xom.
   903 | D:2      | Became a worshipper of Xom of Chaos
   962 | D:2      | Reached XP level 3. HP: 20/20 MP: 4/4
  1123 | D:2      | XOM: divination: detect creatures
  1138 | D:2      | Found a bloodstained altar of Trog.
  1406 | D:2      | XOM: cloud trail
  1573 | D:3      | Found a bloodstained altar of Trog.
  1589 | D:3      | XOM: smoke on damage
  1609 | D:3      | Gained mutation: Your natural rate of healing is unusually fast. [Vine Stalker growth]
  1609 | D:3      | Reached XP level 4. HP: 10/24 MP: 3/5
  1621 | D:3      | XOM: potion effect (haste)
  1676 | D:3      | Found a shadowy altar of Dithmenos.
  1694 | D:3      | XOM: cleaving
  1705 | D:3      | Reached XP level 5. HP: 14/28 MP: 2/6
  1706 | D:3      | XOM: harmless Summ miscast
  1710 | D:3      | XOM: silly message
  1840 | D:3      | Noticed Natasha
  1844 | D:3      | Killed Natasha
  1863 | D:3      | Reached XP level 6. HP: 32/32 MP: 7/7
  1869 | D:3      | Noticed Natasha
  1879 | D:3      | Killed Natasha
  1903 | D:3      | Noticed Natasha
  1911 | D:3      | Killed Natasha
  1979 | D:3      | Found a radiant altar of Vehumet.
  2020 | D:3      | XOM: divination: detect items
  2024 | D:3      | Noticed Robin
  2028 | D:3      | XOM: divination: detect items
  2038 | D:3      | Killed Robin
  2180 | D:3      | Found a basalt altar of Yredelemnul.
  2270 | D:3      | Found a runed door.
  2342 | D:3      | XOM: god gift: sack of spiders
  2355 | D:3      | Noticed Crazy Yiuf
  2359 | D:3      | Killed Crazy Yiuf
  2422 | D:4      | XOM: mild Tmut miscast
  2513 | D:4      | Reached XP level 7. HP: 33/36 MP: 6/8
  2521 | D:4      | Noticed Menkaure
  2524 | D:4      | XOM: potion effect (might)
  2526 | D:4      | Killed Menkaure
  2619 | D:4      | Reached skill level 5 in Axes
  2689 | D:4      | XOM: smoke on damage
  2695 | D:4      | Reached skill level 1 in Dodging
  2823 | D:4      | XOM: cloud trail
  3007 | D:4      | XOM: mild Tmut miscast
  3050 | D:4      | Found a staircase to the Ecumenical Temple.
  3077 | D:4      | XOM: cloud trail
  3097 | D:4      | XOM: god gift: glowing marble ring {god gift}
  3140 | D:4      | Identified Qoimith's Disquisition on Lethal Transmigration (Xom gifted it to you on level 4 of the Dungeon)
  3140 | D:4      | XOM: god gift: Qoimith's Disquisition on Lethal Transmigration
  3180 | D:5      | Entered Level 5 of the Dungeon
  3208 | D:5      | Gained mutation: You have razor-sharp teeth. [Vine Stalker growth]
  3208 | D:5      | Reached XP level 8. HP: 42/42 MP: 9/9
  3368 | D:5      | XOM: 1-stop teleportation journey
  3381 | D:5      | Found a hazy altar of Hepliaklqana.
  3783 | D:5      | XOM is BORED!
  3783 | D:5      | XOM: medium Chrm miscast
  3923 | D:5      | XOM: mild Fire miscast
  4134 | D:5      | XOM: give mutations
  4134 | D:5      | Gained mutation: Scrolls take you a little longer to read. [Xom's mischief]
  4134 | D:5      | Gained mutation: Your body sometimes deteriorates upon taking damage. [Xom's mischief]
  4134 | D:5      | Gained mutation: You are clumsy. (Dex -2) [Xom's mischief]
  4134 | D:5      | Gained mutation: You occasionally shout uncontrollably at your foes. [Xom's mischief]
  4245 | D:6      | XOM: 4-stop teleportation journey
  4250 | D:6      | XOM: confusion
  4252 | D:6      | XOM: blink monster(s)
  4259 | D:6      | Reached skill level 5 in Shields
  4314 | D:6      | Found a sand-covered staircase.
  4372 | D:6      | Found a sacrificial altar of Ru.
  4394 | Ossuary  | Entered an ossuary
  4418 | Ossuary  | XOM: mild Erth miscast
  4482 | Ossuary  | XOM: give mutations
  4482 | Ossuary  | Gained mutation: You are surrounded by a mild repulsion field. (EV +2) [Xom's grace]
  4482 | Ossuary  | Lost mutation: Scrolls take you a little longer to read. [Xom's grace]
  4482 | Ossuary  | Gained mutation: You have supernaturally acute eyesight. (SInv) [Xom's grace]
  4603 | Ossuary  | Reached XP level 9. HP: 46/46 MP: 10/10
  4701 | D:6      | Found a deep blue altar of Sif Muna.
  4710 | D:6      | Got encrusted steam dragon scales
  4721 | D:6      | Identified the +5 steam dragon scales of Greed {rElec rF++ Int-2} (You found it on level 6 of the Dungeon)
  4762 | D:6      | XOM: cast spell 'Necromutation'
  4940 | D:6      | Noticed Grinder
  4941 | D:6      | Paralysed by Grinder for 5 turns
  4955 | D:6      | Killed Grinder
  5000 | D:7      | XOM: 1-stop teleportation journey
  5021 | D:7      | Got an ichor-stained great mace
  5133 | D:7      | XOM: god gift: 25 stones
  5168 | D:7      | XOM: silly message
  5287 | D:7      | Got a crystal bardiche
  5313 | D:7      | XOM: divination: magic mapping
  5347 | D:7      | Identified the +7 great mace "Oserudep" {crush, +Inv rPois rF- Stlth+} (You found it on level 7 of the Dungeon)
  5348 | D:7      | Identified the +7 bardiche of Valour {freeze, rElec MR+ Str-5} (You found it on level 7 of the Dungeon)
  5354 | D:7      | XOM: harmless Tloc miscast
  5399 | D:7      | Reached skill level 1 in Stealth
  5492 | D:7      | Found a shattered altar of Ashenzari.
  5493 | D:7      | XOM: harmless Air miscast
  5840 | D:8      | XOM: silly message
  5843 | D:8      | Reached skill level 1 in Maces & Flails
  5843 | D:8      | Noticed Erica
  5851 | D:8      | Killed Erica
  5851 | D:8      | Reached skill level 5 in Fighting
  5851 | D:8      | Reached skill level 2 in Maces & Flails
  5851 | D:8      | Reached XP level 10. HP: 45/51 MP: 11/11
  5887 | D:8      | Found a staircase to the Lair.
  5893 | D:8      | Reached skill level 3 in Maces & Flails
  5946 | D:8      | XOM: divination: detect items
  5951 | D:8      | Got a heavily runed iron amulet
  5952 | D:8      | Identified the amulet "Yhetaiff" {Reflect rN+ SH+3} (You found it on level 8 of the Dungeon)
  5992 | D:8      | Noticed Maurice
  5997 | D:8      | Killed Maurice
  5997 | D:8      | Reached skill level 4 in Maces & Flails
  6022 | D:8      | Noticed Pikel
  6023 | D:8      | XOM: destruction
  6031 | D:8      | Killed Pikel
  6031 | D:8      | XOM: harmless Chrm miscast
  6181 | D:8      | Noticed Joseph
  6188 | D:8      | Killed Joseph
  6188 | D:8      | Reached skill level 5 in Maces & Flails
  6395 | D:8      | XOM: summons 4 hostile shadow creatures
  6435 | D:8      | XOM: harmless Necr miscast
  6680 | D:9      | XOM: god gift: glaive {god gift}
  6688 | D:9      | XOM: polymorph killer bee -> iguana
  6703 | D:9      | Reached skill level 6 in Maces & Flails
  6785 | D:9      | Found a hide-covered altar of Uskayaw.
  6883 | D:9      | XOM: cloud trail
  6892 | D:9      | XOM: give mutations
  6892 | D:9      | Lost mutation: You are clumsy. (Dex -2) [Xom's mischief]
  6892 | D:9      | Gained mutation: You are weak. (Str -2) [Xom's mischief]
  6892 | D:9      | Gained mutation: Your body often deteriorates upon taking damage. [Xom's mischief]
  6936 | D:9      | Reached XP level 11. HP: 46/56 MP: 9/12
  6947 | D:9      | XOM: mild Tloc miscast
  7189 | Lair:1   | Entered Level 1 of the Lair of Beasts
  7229 | Lair:1   | XOM: blink monster(s)
  7231 | Lair:1   | XOM: confuse monster(s)
  7277 | Lair:1   | XOM: god gift: 6 rations
  7291 | Lair:1   | Reached skill level 7 in Maces & Flails
  7457 | Lair:1   | Noticed Harold
  7485 | Lair:1   | XOM: enchant monster (good)
  7489 | Lair:1   | XOM: noise
  7493 | Lair:1   | XOM: potion effect (agility)
  7495 | Lair:1   | XOM: cast spell 'Monstrous Menagerie'
  7501 | Lair:1   | XOM: smoke on damage
  7505 | Lair:1   | Killed Harold
  7509 | Lair:1   | Reached skill level 8 in Maces & Flails
  7591 | Lair:1   | XOM: destruction
  8082 | Lair:2   | XOM: stealth player
  8096 | Lair:2   | Found a staircase to the Snake Pit.
  8098 | Lair:2   | XOM: enchant monster (bad)
  8192 | Lair:2   | XOM: harmless Conj miscast
  8223 | Lair:2   | XOM: noise
  8232 | Lair:2   | XOM: blink monster(s)
  8236 | Lair:2   | Noticed a four-headed hydra
  8323 | Lair:2   | Killed a four-headed hydra
  8323 | Lair:2   | Reached skill level 9 in Maces & Flails
  8323 | Lair:2   | XOM: blink monster(s)
  8406 | Lair:2   | Noticed an eight-headed hydra
  8414 | Lair:2   | Killed an eight-headed hydra
  8563 | Lair:2   | XOM: god gift: naga barding {god gift}
  8798 | Lair:2   | XOM: harmless Erth miscast
  8819 | Lair:2   | Found a staircase to the Shoals.
  9064 | Lair:3   | Found a labyrinth entrance.
  9075 | Lab      | Entered a labyrinth
  9099 | Lab      | Reached skill level 5 in Dodging
  9099 | Lab      | Gained mutation: You heal very quickly. [Vine Stalker growth]
  9099 | Lab      | Reached XP level 12. HP: 62/62 MP: 13/13
  9173 | Lab      | XOM: stat loss: -1 Dex (13/15)
  9260 | Lab      | Noticed a minotaur
  9268 | Lab      | Killed a minotaur
  9278 | Lab      | Got an encrusted scale mail
  9289 | Lab      | Identified the cursed +1 scale mail of Xuwempyjia {MR- Int+9} (You found it in a labyrinth)
  9360 | Lair:3   | XOM: enchant monster (bad)
  9366 | Lair:3   | Reached skill level 10 in Maces & Flails
  9366 | Lair:3   | Reached skill level 5 in Stealth
  9388 | Lair:3   | Noticed Gastronok
  9400 | Lair:3   | Killed Gastronok
  9401 | Lair:3   | XOM: draining
  9499 | Lair:3   | XOM: noise
  9505 | Lair:3   | XOM: noise
  9699 | Lair:3   | XOM: potion effect (haste)
  9769 | Lair:3   | Noticed a six-headed hydra
  9776 | Lair:3   | XOM: cleaving
  9779 | Lair:3   | Killed a six-headed hydra
 10019 | Lair:4   | XOM: fog
 10025 | Lair:4   | Reached skill level 11 in Maces & Flails
 10025 | Lair:4   | XOM: cleaving
 10105 | Lair:3   | XOM: god gift: shiny buckler {god gift}
 10108 | Lair:3   | XOM: give mutations
 10108 | Lair:3   | Lost mutation: You are weak. (Str -2) [Xom's grace]
 10108 | Lair:3   | Gained mutation: You possess an exceptional clarity of mind. [Xom's grace]
 10108 | Lair:3   | Gained mutation: You have an increased reservoir of magic. (+10% MP) [Xom's grace]
 10131 | Lair:4   | XOM: god gift: ring mail {god gift}
 10156 | Lair:4   | XOM: harmless Tmut miscast
 10166 | Lair:4   | XOM: scenery: create altars
 10173 | Lair:4   | Reached XP level 13. HP: 19/68 MP: 5/15
 10178 | Lair:4   | XOM: enchant monster (bad)
 10179 | Lair:4   | XOM: noise
 10185 | Lair:4   | XOM: noise
 10186 | Lair:4   | XOM: summons 6 hostile demons
 10190 | Lair:4   | Killed from afar by a ynoxinul

Vault maps used:
D:1:      dpeg_arrival_prison
D:2:      overflow_temple_1_default, wad_floor_pattern_2, bloody_trog
D:3:      grunt_dithmenos_smoke_and_mirrors, nicolae_overflow_crystal_walls,
          old_standard_altar, lemuel_crystal_altar, uniq_natasha, uniq_robin,
          uniq_crazy_yiuf_cottage
D:4:      minmay_temple_entry_mist, uniq_menkaure
D:5:      lemuel_round_altar, first_ration, corner_web_ring,
          kennysheep_generic_room_11
D:6:      marbit_many_paths, basic_altar, enter_ossuary_3, uniq_grinder
D:7:      minmay_thick_lines, ashenzari_altar_1
D:8:      uniq_maurice, uniq_pikel, uniq_joseph, uniq_erica
D:9:      eat_drink_and_be_merry_uskayaw
Lair:1:   st_stairs_9, guppyfry_lair_drakes, uniq_harold
Lair:2:   elwin_shoals_entry_rooms, guppyfry_snake_entry_island,
          serial_bayou_lagoon_a, minmay_stone_trees_small
Lair:3:   lab_entry_generic, uniq_gastronok
Lair:4:   minmay_hedge_maze, infiniplex_staircase_pool
Lab:      labyrinth_mini_lab, nicolae_lab_swirl, nicolae_lab_big_swirl,
          lab_fountain, nicolae_lab_flowing_pool, nicolae_lab_dead_end,
          labyrinth_skeletal_remains
Ossuary:  ossuary_due_small_catacomb

Skill      XL: |  1  2  3  4  5  6  7  8  9 10 11 12 13 |
---------------+----------------------------------------+-----
Fighting       | 3 4 5 6 7 8 |  8.0
Axes           | 2 3 4 5 7 8 9 |  9.2
Shields        | 3 4 5 6 |  6.9
Armour         | 3 4 |  4.9
Dodging        | 1 3 5 6 |  6.4
Stealth        | 1 3 4 5 |  5.6
Maces & Flails | 2 6 9 11 | 11.4
Evocations     | |  0.1

Action                   |  1- 3 |  4- 6 |  7- 9 | 10-12 | 13-15 || total
-------------------------+-------+-------+-------+-------+-------++-------
Melee: War axe           |    98 |   102 |    73 |       |       ||   273
       Bite              |    19 |    21 |   120 |   102 |     8 ||   270
       Hand axe          |       |       |   224 |    40 |    16 ||   280
       Broad axe         |       |       |     9 |       |       ||     9
       Great mace        |       |       |    26 |   344 |       ||   370
Evoke: Sack of spiders   |       |     1 |       |     1 |       ||     2
  Use: Scroll            |       |       |    10 |    13 |       ||    23
       Potion            |       |       |       |     2 |       ||     2
 Stab: Sleeping          |       |       |       |     9 |       ||     9
       Distracted        |       |       |       |     2 |       ||     2
  Eat: Chunk             |     2 |     3 |     9 |    12 |       ||    26
       Ration            |       |       |     1 |     3 |       ||     4
Armor: Scale mail        |    42 |    70 |    33 |       |       ||   145
       Ring mail         |       |       |    10 |       |       ||    10
       Steam dragon scal |       |       |    42 |   189 |     6 ||   237
Dodge: Dodged            |    30 |    34 |   110 |   398 |    10 ||   582
Block: Shield            |    60 |    55 |   120 |    36 |    14 ||   285
       Other             |       |       |       |    53 |       ||    53

Table legend:
 A = Spawn XP
 B = Non-spawn XP
 C = Spawn XP percentage of total XP
 D = Spawn monster count
 E = Non-spawn monster count
 F = Spawn count percentage of total count
 G = Total turns spent on level
                    A         B        C        D         E        F      G
               +---------+---------+-------+---------+---------+-------+---------
         Total |       0 |   33444 |   0.0 |       0 |     353 |   0.0 | 10190
               +---------+---------+-------+---------+---------+-------+---------
           D:1 |       0 |      22 |   0.0 |       0 |      12 |   0.0 |   841
           D:2 |       0 |      54 |   0.0 |       0 |      24 |   0.0 |   690
           D:3 |       0 |     442 |   0.0 |       0 |      52 |   0.0 |   877
           D:4 |       0 |     611 |   0.0 |       0 |      14 |   0.0 |   772
           D:5 |       0 |     467 |   0.0 |       0 |      18 |   0.0 |   967
           D:6 |       0 |     974 |   0.0 |       0 |      28 |   0.0 |   582
           D:7 |       0 |    1566 |   0.0 |       0 |      29 |   0.0 |   846
           D:8 |       0 |    3457 |   0.0 |       0 |      34 |   0.0 |   703
           D:9 |       0 |    1448 |   0.0 |       0 |      25 |   0.0 |   648
        Lair:1 |       0 |    4749 |   0.0 |       0 |      23 |   0.0 |   956
        Lair:2 |       0 |    4200 |   0.0 |       0 |      13 |   0.0 |   845
        Lair:3 |       0 |    6818 |   0.0 |       0 |      19 |   0.0 |   861
        Lair:4 |       0 |    5602 |   0.0 |       0 |      27 |   0.0 |    77
           Lab |       0 |    2803 |   0.0 |       0 |       5 |   0.0 |   262
       Ossuary |       0 |     231 |   0.0 |       0 |      30 |   0.0 |   263
               +---------+---------+-------+---------+---------+-------+---------
